 Dungeon Crawl Stone Soup version 0.27.0-1-g7a089689b8 (webtiles) character file.

Game seed: 736578831154269667

108 vaahaXXX the Gusty (level 4, 0/26 HPs)
             Began as a Tengu Air Elementalist on Aug 11, 2021.
             Killed by nerve-wracking pain
             ... invoked by Grinder
              (14 damage)
             ... on level 2 of the Dungeon.
             The game lasted 00:11:54 (3275 turns).

vaahaXXX the Gusty (Tengu Air Elementalist)         Turns: 3275, Time: 00:11:55

Health: 0/26       AC:  2    Str:  8    XL:     4   Next: 87%
Magic:  2/8        EV: 13    Int: 16    God:
Gold:   145        SH:  0    Dex: 15    Spells: 2/8 levels left

rFire    . . .     SeeInvis .   b - +0 club
rCold    . . .     Faith    .   (no shield)
rNeg     . . .     Spirit   .   a - +0 robe
rPois    .         Reflect  .   (helmet restricted)
rElec    .         Harm     .   (no cloak)
rCorr    .         Rampage  .   (no gloves)
Will     .....                  (boots unavailable)
Stlth    ++........             (no amulet)
HPRegen  0.08/turn              (no ring)
MPRegen  0.11/turn              (no ring)

@: no status effects
A: beak, talons 3
a: no special abilities


You were on level 2 of the Dungeon.
You visited 1 branch of the dungeon, and saw 3 of its levels.

You collected 145 gold pieces.

Inventory:

Hand Weapons
 b - a +0 club (weapon)
Missiles
 f - 19 poisoned darts
Armour
 a - a +0 robe (worn)
 g - a +0 buckler
Scrolls
 c - 3 scrolls of identify {unknown}
 h - a scroll of immolation {unknown}
 i - a scroll of noise {unknown}
 k - a scroll of enchant armour {unknown}
Potions
 d - a potion of heal wounds {unknown}
 e - a potion of haste {unknown}
 j - 2 potions of curing


   Skills:
 + Level 1.7 Fighting
 + Level 3.1 Dodging
 - Level 2.0 Stealth
 + Level 2.6 Spellcasting
 + Level 2.8 Conjurations
 + Level 4.7 Air Magic


You had 2 spell levels left.
You knew the following spells:

 Your Spells              Type           Power      Damage    Failure   Level
a - Shock                 Conj/Air       56%        1d6       4%          1
b - Static Discharge      Conj/Air       14%        N/A       6%          2
i - Swiftness             Air            17%        N/A       9%          3

Your spell library contained the following spells:

 Spells                   Type           Power      Damage    Failure   Level
 Pain                     Necr           8%         1d4       21%         1
 Airstrike                Air            8%         N/A       26%         4
 Agony                    Necr           2%         N/A       99%         5
 Excruciating Wounds      Necr           1%         N/A       99%         5


Dungeon Overview and Level Annotations

Branches:
Dungeon (3/15)

Altars:
Elyvilon

Annotations:
D:2 Grinder
D:3 1 transporter, Sigmund


Innate Abilities, Weirdness & Mutations

You have a beak for a mouth.
You have claws for feet.


Message History

Grinder is severely wounded.
The zap hits Grinder.
Grinder is almost dead.
Grinder gestures at you. Pain shoots through your body!
Casting: Shock (safe; 4% risk of failure)
Confirm with . or Enter, or press ? or * to list all spells.
Aiming: Shock (safe; 4% risk of failure)
Press: ? - help, Shift-Dir - straight line The zap hits Grinder.
Grinder is almost dead.
The zap misses Grinder.
Grinder blinks!
Grinder blinks!
You start resting.
Grinder is nearby!
Casting: Shock (safe; 4% risk of failure)
Confirm with . or Enter, or press ? or * to list all spells.
Aiming: Shock (safe; 4% risk of failure)
Press: ? - help, Shift-Dir - straight line The zap hits Grinder.
Grinder is almost dead.
The zap hits Grinder.
Grinder is almost dead.
Grinder says, "You look like you could use a good racking."
Casting: Shock (safe; 4% risk of failure)
Confirm with . or Enter, or press ? or * to list all spells.
Aiming: Shock (safe; 4% risk of failure)
Press: ? - help, Shift-Dir - straight line The zap hits Grinder.
Grinder is almost dead.
The zap misses Grinder.
Grinder drinks a potion.
Grinder is healed!
Grinder gestures at you. You resist with significant effort.
Grinder gestures at you.
You suddenly lose the ability to move!
You can move again.
Grinder gestures at you. Pain shoots through your body!
Ouch! That really hurt!
You die...

#<..## #....5.# ###)# ..>..##
######.# #...# # ......##
##.###.# #...## ##
.......####...##.#######....####.
.......'..........>.5..........+.
.......####...##.########...####.
.5ยง...## ##.###.# #......# ##
.....## ### #.# #.##.#.# # #...##
#######@# #.##.#.# ##'##
#..5....# #.##.#.# #.# #.#######
#.##.#.# #.# #.# #.##.#.# ##.####
#5# #......# ......# #.# ####.###
..###.# #.# #.# #### ......# #.#
#.####... #...(.####.# #........


You could see Grinder.

Vanquished Creatures
  Terence (D:3)
  A gnoll (D:1)
  2 adders (D:2)
  A worm (D:2)
  3 dart slugs
  4 orcs (D:3)
  2 ball pythons
  2 endoplasms
  A giant cockroach (D:1)
  3 hobgoblins
  6 kobolds
  A quokka (D:2)
  2 bats
  2 frilled lizards
  6 goblins
  6 rats
43 creatures vanquished.

Notes
Turn   | Place    | Note
-------+----------+-------------------------------------------
     0 | D:1      | vaahaXXX the Tengu Air Elementalist began the quest for the
                  | Orb.
     0 | D:1      | Reached XP level 1. HP: 10/10 MP: 4/4
   120 | D:1      | Reached XP level 2. HP: 10/16 MP: 0/6
   452 | D:1      | Reached XP level 3. HP: 20/20 MP: 4/7
   750 | D:1      | Reached skill level 1 in Fighting
   839 | D:2      | Found a white marble altar of Elyvilon.
  1569 | D:2      | Found a faded altar of an unknown god.
  1598 | D:2      | Reached XP level 4. HP: 24/25 MP: 2/8
  1838 | D:2      | Learned a level 2 spell: Static Discharge
  1842 | D:2      | Learned a level 3 spell: Swiftness
  2177 | D:3      | Noticed Grinder
  2535 | D:3      | Noticed a kobold demonologist
  2536 | D:3      | Found a transporter.
  2757 | D:3      | Noticed Terence
  2770 | D:3      | Killed Terence
  2989 | D:3      | Noticed Sigmund
  3119 | D:2      | Paralysed by Grinder for 4 turns
  3233 | D:2      | Paralysed by Grinder for 7 turns
  3272 | D:2      | Paralysed by Grinder for 2 turns
  3275 | D:2      | Killed from afar by Grinder

Illustrated notes

Levels and vault maps discovered:
D:1:      dpeg_arrival_arbitrary_b, layout_basic, amcnicky_mini_corridor_feature
D:2:      layout_loops_corners, hellmonk_ecumenical_altar_lost_god, basic_altar
D:3:      gammafunk_wand_slinger, layout_rooms, serial_curves, eino_curves_03,
          eino_curves_02, uniq_terence, uniq_ijyb, uniq_grinder, uniq_sigmund

Skill      XL: |  1  2  3  4 |
---------------+-------------+-----
Conjurations   | 2 |  2.8
Fighting       | 1 |  1.7
Dodging        | 3 |  3.1
Stealth        | |  2.0
Spellcasting   | |  2.6
Air Magic      | |  4.7

Action                   |  1- 3 |  4- 6 || total
-------------------------+-------+-------++-------
Melee: Club              |     1 |       ||     1
 Cast: Shock             |    62 |    44 ||   106
Armor: Robe              |     1 |       ||     1
Dodge: Dodged            |     8 |     5 ||    13
